Unix NetHack Version 5.0.0-0 post-release - last build May 31 2026 23:59:36 (970b52f25bf058293b47ddfd14a1e40e571c508c,branch:main).

Game began 2026-06-05 22:14:23, ended 2026-06-05 22:35:32.

Felix1, neutral male human Wizard

                                                           --- ---
                                                --     -----.---.---
                                                .|     |......|....|
                                             - ..|      -..........|
                                            |.-..       |.........--
                                            ....-       |..........|
                                           -....      ---..........---------
                                          --...  ---- |..........^...|.--..--
                                        ---...-  |..---.......@o.......^.(..|
                                        |...... --...........d.|.o.........--
                                         -...--............---.|-.........--
                           --            |#..^--...............|.*........|
                           ..            #.......---......------..........--
                        ---.-          ---.......| |.......##`....[........--
                        |.%.|          |..---...#---......----[.............|
                       ##...#        ---.................-- |.........).....--
                       |...- -#####---..-..-------#-------  |^..........<....--
                       |.|.---............--                --..|.|...........|
                       --|......-----------                  --------.|.|.--.--
                         --------                                   ----------
Felix1 the Conjurer       St:11 Dx:14 Co:15 In:18 Wi:7 Ch:8  Neutral
Dlvl:4  $:84 HP:0(35) Pw:21(31) AC:9  Xp:4 T:1962  Satiated

Latest messages:
 You are hit by a dart.
 In what direction? 8
 The spell hits the gnome!
 You kill the gnome!
 The gnome lord picks up 9 crude arrows.
 You see here a dart.
 In what direction? 8
 The spell hits the gnome lord.
 In what direction? 8
 The spell hits the gnome lord!
 You kill the gnome lord!
 The gnome lord picks up 9 crude arrows.
 You see here a dart.
 The gnome lord picks up a dart.
 You hit the gnome lord.
 The kobold picks up 6 darts.
 The gnome lord hits!
 The werejackal changes into a human.
 You miss the gnome lord.
 The gnome lord hits!
 You miss the gnome lord.
 The kobold throws a dart!
 The dart misses the gnome lord.
 You are hit by a dart.
 You hit the gnome lord.
 The gnome lord hits!
 You hear a jackal howling at the moon.
 The gnome shoots an arrow!
 The arrow misses the werejackal.
 The arrow hits the gnome lord.
 The gnome lord hits!
 The gnome lord hits!
 The gnome shoots an arrow!
 The arrow misses the werejackal.
 You are hit by an arrow.
 The gnome lord picks up an arrow.
 The gnome lord throws a dart!
 You are hit by a dart.
 The hill orc wields a curved sword!
 The werejackal bites!
 You hit the hill orc.
 The hill orc swings her curved sword.
 The hill orc hits!
 The werejackal bites!
 You hit the hill orc.
 The hill orc swings her curved sword.
 The hill orc hits!
 The werejackal bites!
 You die...
 Do you want your possessions identified? [ynq] (y) q

Inventory:
 Coins    ('$')
  $ - 84 gold pieces
 Weapons  (')')
  C - 8 cursed -4 darts
  w - 4 +0 daggers
  a - a blessed +1 quarterstaff (weapon in hands)
 Armor    ('[')
  b - an uncursed +0 cloak of magic resistance (being worn)
 Comestibles  ('%')
  y - 3 uncursed food rations
  E - a cursed food ration
  v - 3 uncursed lembas wafers
 Scrolls  ('?')
  j - an uncursed scroll of confuse monster
  i - an uncursed scroll of identify
  k - an uncursed scroll of light
  x - an uncursed scroll of teleportation
 Spellbooks  ('+')
  m - an uncursed spellbook of detect unseen
  l - a blessed spellbook of force bolt
 Potions  ('!')
  u - an uncursed potion of booze
  h - an uncursed potion of confusion
  r - an uncursed potion of fruit juice
  q - an uncursed potion of monster detection
  f - an uncursed potion of restore ability
  g - an uncursed potion of see invisible
  p - an uncursed potion of sickness
  s - an uncursed potion of water
 Rings    ('=')
  d - an uncursed ring of fire resistance
  D - an uncursed ring of invisibility
  e - an uncursed ring of see invisible (on right hand)
 Wands    ('/')
  c - a wand of polymorph (0:5)
  z - a wand of secret door detection (0:15)
 Tools    ('(')
  n - a magic marker (0:19)
  A - a +0 pick-axe
 Gems/Stones  ('*')
  t - an uncursed worthless piece of yellowish brown glass
  B - 10 uncursed rocks

Felix1 the Wizard's attributes:

Background:
 You were a Conjurer, a level 4 male human Wizard.
 You were neutral, on a mission for Thoth
 who was opposed by Ptah (lawful) and Anhur (chaotic).
 You were right-handed.
 You were in the Gnomish Mines, on level 4.
 You entered the dungeon 1962 turns ago.
 It was nighttime.
 You had 144 experience points, 16 more were needed to attain level 5.

Basics:
 You had 0 out of 35 hit points.
 You had 21 out of 31 energy points (spell power).
 Your armor class was 9.
 Your wallet contained 84 zorkmids.
 Autopickup was off.

Final Characteristics:
 Your strength was 11 (limit:18/100).
 Your dexterity was 14 (limit:18).
 Your constitution was 15 (limit:18).
 Your intelligence was 18 (limit:18).
 Your wisdom was 7 (limit:18).
 Your charisma was 8 (limit:18).

Final Status:
 You were satiated.
 You were unencumbered.
 You were wielding a quarterstaff.
 You had basic skill with quarterstaff.

Final Attributes:
 You were devoutly aligned.
 You were magic-protected.
 You saw invisible.
 You were warded.
 You are dead.

Miscellaneous:
 You didn't encounter any bones levels.
 Total elapsed playing time was 21 minutes and 9 seconds.

Major events:
 Turn
    1: Felix1 the neutral male human Wizard entered the dungeon
 1203: attained the rank of Conjurer (level 3)
 1450: entered the Gnomish Mines
 1962: killed by a werejackal

Spells:
 Name                 Level Category     Fail Retention
 force bolt             1   attack         0%  91%-100%
 detect unseen          3   divination    79%  76%-100%

Skills:
 Fighting Skills
   bare handed combat [Unskilled]
   riding             [Unskilled]
 Weapon Skills
   dagger             [Unskilled]
   knife              [Unskilled]
   axe                [Unskilled]
   short sword        [Unskilled]
   club               [Unskilled]
   mace               [Unskilled]
   quarterstaff       [Basic]
   polearms           [Unskilled]
   spear              [Unskilled]
   trident            [Unskilled]
   sling              [Unskilled]
   dart               [Unskilled]
   shuriken           [Unskilled]
 Spellcasting Skills
   attack spells      [Basic]
   healing spells     [Unskilled]
   divination spells  [Unskilled]
   enchantment spells [Basic]
   clerical spells    [Unskilled]
   escape spells      [Unskilled]
   matter spells      [Unskilled]

Voluntary challenges:
 Character rerolling was not enabled.
 You never genocided any monsters.
 You never polymorphed an object.
 You never changed form.
 You used no wishes.
Achievements:
 You entered a shop.
 You attained the rank of Conjurer.
 You entered the Gnomish Mines.

 The Dungeons of Doom: levels 1 to 3
    Level 1:
    Level 2:
       A potion shop, some fountains.
    Level 3:
       A scroll shop, a fountain.
       Stairs down to The Gnomish Mines.
 The Gnomish Mines:
    Level 4: <- You were here.
       Final resting place for
          you, killed by a werejackal.


Vanquished creatures:
  a rock piercer
  a shrieker
  a gnome leader
  2 dwarves
  a dwarf zombie
  a hobbit
  a hobgoblin
  3 giant rats
  5 gnomes
  3 jackals
  2 foxes
  a kobold
  a goblin
  3 sewer rats
  5 grid bugs
  2 lichens
  2 newts
35 creatures vanquished.

No species were genocided or became extinct.

Game over:
                       ----------
                      /          \
                     /    REST    \
                    /      IN      \
                   /     PEACE      \
                  /                  \
                  |      Felix1      |
                  |      84 Au       |
                  |   killed by a    |
                  |    werejackal    |
                  |                  |
                  |                  |
                  |       2026       |
                 *|     *  *  *      | *
        _________)/\\_//(\/(/\)/\//\/|_)_______

Goodbye Felix1 the Wizard...

You died in The Gnomish Mines on dungeon level 4 with 802 points,
and 84 pieces of gold, after 1962 moves.
You were level 4 with a maximum of 35 hit points when you died.

